 Dungeon Crawl Stone Soup version 0.29-a0-321-gf1c400731a (webtiles) character file.

Game seed: 6586075387626917875

46 Rohain the Insei (level 3, 0/31 HPs)
             Began as a Naga Transmuter on Apr 4, 2022.
             Slain by a worm (2 damage)
             ... on level 2 of the Dungeon.
             The game lasted 00:02:35 (2265 turns).

Rohain the Insei (Naga Transmuter)                  Turns: 2265, Time: 00:02:35

Health: 0/31       AC:  2    Str: 12    XL:     3   Next: 68%
Magic:  6/6        EV: 10    Int: 13    God:
Gold:   37         SH:  0    Dex: 13    Spells: 3/6 levels left

rFire   . . .      SeeInvis +   f - +0 spear
rCold   . . .      Faith    .   (no shield)
rNeg    . . .      Spirit   .   a - +0 robe
rPois   +          Reflect  .   (no helmet)
rElec   .          Harm     .   (no cloak)
rCorr   .          Rampage  .   (no gloves)
Will    .....                   (no barding)
Stlth   +.........              (no amulet)
HPRegen 0.10/turn               (no ring)
MPRegen 0.10/turn               (no ring)

@: very slow
A: AC +1, large, see invisible, deformed body, poison resistance, slowness 2,
spit poison 1, naga tail 1
a: Spit Poison


You were on level 2 of the Dungeon.
You visited 1 branch of the dungeon, and saw 2 of its levels.

You collected 37 gold pieces.

Inventory:

Hand Weapons
 f - a +0 spear (weapon)
Armour
 a - a +0 robe (worn)
Scrolls
 b - 2 scrolls of enchant armour {unknown}
 c - 4 scrolls of identify {unknown}
 e - a scroll of enchant weapon {unknown}
Potions
 d - a potion of degeneration {unknown}


   Skills:
 + Level 1.1 Fighting
 + Level 0.0 Polearms
 + Level 2.1 Dodging
 + Level 3.8 Unarmed Combat
 + Level 2.2 Spellcasting
 + Level 2.2 Transmutations


You had 3 spell levels left.
You knew the following spells:

 Your Spells              Type           Power      Damage    Failure   Level
a - Beastly Appendage     Tmut           14%        N/A       10%         1
b - Wereblood             Tmut           7%         N/A       16%         2

Your spell library contained the following spells:

 Spells                   Type           Power      Damage    Failure   Level
 Sublimation of Blood     Necr           1%         N/A       36%         2
 Spider Form              Tmut/Pois      4%         N/A       43%         3
 Ice Form                 Ice/Tmut       4%         N/A       85%         4
 Petrify                  Tmut/Erth      4%         N/A       85%         4
 Irradiate                Conj/Tmut      2%         3d14      99%         5


Dungeon Overview and Level Annotations

Branches:
Dungeon (2/15)

Altars:
Beogh


Innate Abilities, Weirdness & Mutations

Your serpentine skin is tough. (AC +1)
You have supernaturally acute eyesight. (SInv)
Armour fits poorly on your strangely shaped body.
Your system is resistant to poisons. (rPois)
You cover ground very slowly.
You can spit poison.
You have a snake-like lower body.


Message History

Press: ? - help, Shift-Dir - straight line, f/p - worm
Aim: a worm (86% to hit)
The splash of poison hits the worm.
The worm is lightly wounded.
Unknown command.
Casting: Beastly Appendage (safe; 10% risk of failure)
Confirm with . or Enter, or press ? or * to list all spells.
Okay, then.
You hit the worm.
The worm is lightly wounded.
The worm closely misses you.
You hit the worm.
The worm is moderately wounded.
The worm bites you.
* * * LOW HITPOINT WARNING * * *
You hit the worm but do no damage. You headbutt the worm.
The worm is moderately wounded.
You hit the worm. You headbutt the worm.
The worm is severely wounded.
The worm closely misses you.
You hit the worm.
The worm is almost dead.
Your horns disappear.
You have got your breath back.
The worm bites you!
* * * LOW HITPOINT WARNING * * *
You hit the worm.
The worm is almost dead.
You hit the worm but do no damage.
The worm is almost dead.
The worm closely misses you.
You barely miss the worm.
The worm is almost dead.
The worm barely misses you.
You hit the worm.
The worm is almost dead.
You hit the worm but do no damage.
The worm is almost dead.
The worm bites you.
You die...

#.# ##......#.##.#.
#.# ##...)........
##.#####..).........
..................
##.###............
###.......### .
#..###..###...
#.............
#..####@.#####.
.........w.......
............#####.
........<.....
.####..###...## #..
##.## # #.# ...


You could see a worm.

Vanquished Creatures
  A worm (D:2)
  2 dart slugs (D:1)
  4 ball pythons
  3 bats
  6 giant cockroaches (D:1)
  4 goblins
  3 hobgoblins (D:1)
  2 quokkas
  2 frilled lizards (D:1)
  3 kobolds (D:1)
  6 rats (D:1)
36 creatures vanquished.

Notes
Turn   | Place    | Note
-------+----------+-------------------------------------------
     0 | D:1      | Rohain the Naga Transmuter began the quest for the Orb.
     0 | D:1      | Reached XP level 1. HP: 18/18 MP: 3/3
   184 | D:1      | Reached XP level 2. HP: 18/25 MP: 3/5
   570 | D:1      | HP: 1/25 [kobold/+0 whip (2)]
   879 | D:1      | Reached XP level 3. HP: 7/31 MP: 6/6
  1367 | D:1      | Learned a level 2 spell: Wereblood
  1525 | D:1      | Found a faded altar of an unknown god.
  1623 | D:1      | You fall into a shaft and drop 1 floor!
  2265 | D:2      | Slain by a worm

Illustrated notes

Levels and vault maps discovered:
D:1:      onia_arrival_mini_spirals, layout_basic,
          hellmonk_ecumenical_altar_defaced_shrine,
          hangedman_decor_clover_reticule, nicolae_figureground_pulse
D:2:      layout_basic, uniq_natasha

Skill      XL: |  1  2 |
---------------+-------+-----
Dodging        | 2 |  2.1
Fighting       | |  1.1
Unarmed Combat | |  3.8
Spellcasting   | |  2.2
Transmutations | |  2.2

Action                   || total
-------------------------++-------
Melee: Unarmed           ||   111
       Headbutt          ||    13
       Spear             ||    26
       Punch             ||     4
 Cast: Beastly Appendage ||    16
 Abil: Spit Poison       ||     3
       End Transformatio ||     1
  Use: Potion            ||     1
 Stab: Sleeping          ||     2
Armor: Robe              ||    27
       Skin              ||    10
Dodge: Dodged            ||    64

Table legend: (Time is in decaauts)
 A = Elapsed time spent in this place.
 B = Non-inter-level travel time spent in this place.
 C = Inter-level travel time spent in this place.
 D = Time resting spent in this place.
 E = Time spent auto-exploring this place.
 F = Levels seen in this place.
 G = Mean time per level.
                   A        B        C        D        E       F      G
               +--------+--------+--------+--------+--------+-----+--------+
         Total |   2600 |   2548 |     52 |    312 |   1938 |   2 | 1300.0 |
       Dungeon |   2600 |   2548 |     52 |    312 |   1938 |   2 | 1300.0 |
               +--------+--------+--------+--------+--------+-----+--------+

Top non-repeatable levels by time:
     D:1: 2170 daAuts
     D:2: 430 daAuts
